 Dungeon Crawl Stone Soup version 0.31-a0-662-g684573625c (webtiles) character file.

Game seed: 7339703486437644559

17 subawu the Stinger (level 2, 0/15 HPs)
             Began as a Deep Elf Venom Mage on Sept 1, 2023.
             Slain by a worm (6 damage)
             ... on level 2 of the Dungeon.
             The game lasted 00:02:19 (720 turns).

subawu the Stinger (Deep Elf Venom Mage)             Turns: 720, Time: 00:02:19

Health: 0/15       AC:  2    Str:  5    XL:     2   Next: 44%
Magic:  8/8        EV: 12    Int: 19    God:
Gold:   17         SH:  0    Dex: 15    Spells: 6/7 levels left

rFire   . . .        c - +0 dagger
rCold   . . .        (no shield)
rNeg    . . .        a - +0 robe
rPois   .            (no helmet)
rElec   .            (no cloak)
rCorr   .            (no gloves)
SInv    .            (no boots)
Will    .....        (no amulet)
Stlth   ++           (no ring)
HPRegen 0.22/turn    (no ring)
MPRegen 0.11/turn

%: no passive effects
@: no status effects
A: no striking features
a: no special abilities


You were on level 2 of the Dungeon.
You visited 1 branch of the dungeon, and saw 2 of its levels.

You collected 17 gold pieces.

Inventory:

Hand Weapons
 c - a +0 dagger (weapon)
 d - a +0 short sword
Missiles
 e - 2 atropa-tipped darts (quivered)
Armour
 a - a +0 robe (worn)
Jewellery
 f - a +4 ring of protection
Potions
 b - a potion of magic


   Skills:
 + Level 2.5 Dodging
 + Level 2.4 Stealth
 + Level 0.2 Unarmed Combat
 + Level 3.1 Spellcasting
 + Level 1.2 Transmutations
 + Level 4.0 Poison Magic


You had 6 spell levels left.
You knew the following spells:

 Your Spells              Type           Power      Damage    Failure   Level
a - Sting                 Tmut/Pois      52%        1d5       4%          1

Your spell library contained the following spells:

 Spells                   Type           Power      Damage    Failure   Level
 Poisonous Vapours        Pois/Air       20%        N/A       10%         2
 Mephitic Cloud           Conj/Pois/Air  8%         N/A       26%         3
 Olgreb's Toxic Radiance  Pois           18%        N/A       28%         4


Dungeon Overview and Level Annotations

Branches:
Dungeon (2/15)

Altars:

Shops:
D:1 =


Message History

The hobgoblin barely misses you.
You hit the hobgoblin.
You kill the hobgoblin!
You hit the quokka.
The quokka is heavily wounded.
The quokka barely misses you.
You hit the quokka.
The quokka is almost dead.
The quokka bites you.
You barely miss the quokka.
The quokka is almost dead.
The quokka bites you. The quokka closely misses you.
You hit the quokka.
You kill the quokka!
The bat hits you but does no damage.
Your Poison Magic skill increases to level 4!
The bat hits you but does no damage. x2
You see here a quokka corpse.
You barely miss the bat. The bat hits you. The bat barely misses you.
A sourceless malevolence fills the Dungeon...
You fall into a shaft and drop 1 floor!
The shaft crumbles and collapses.
Found a stone staircase leading up.
HP restored.
A worm comes into view.
A worm is nearby!
f - a +4 ring of protection The worm barely misses you.
You hit the worm but do no damage. You completely miss the worm.
The worm bites you!
Ouch! That really hurt!
You hit the worm.
The worm is lightly wounded.
The worm barely misses you.
You hit the worm but do no damage. You hit the worm.
The worm is lightly wounded.
The worm bites you.
You die...

#######......##
...............
#######......###
#........#..
#.#......#.#####
#.#<...###w#...#
#####.#...##.#.#.#.#
.............#.#.#.##
####...........w@...#
##.........#.###.##
#..........#.# ....
#..#######.#.#.#.###
#..# #.#.#.#.# #..#
#.#.# #.. ###..#
#.#.# ### #....#
#.#.# #.##.# #.#


You could see a worm.

Vanquished Creatures
  2 endoplasms (D:1)
  A goblin (D:1)
  3 hobgoblins (D:1)
  A quokka (D:1)
  2 ball pythons (D:1)
  2 bats (D:1)
  4 frilled lizards (D:1)
  A kobold (D:1)
  A rat (D:1)
17 creatures vanquished.

Notes
Turn   | Place    | Note
-------+----------+-------------------------------------------
     0 | D:1      | subawu the Deep Elf Venom Mage began the quest for the Orb.
     0 | D:1      | Reached XP level 1. HP: 10/10 MP: 6/6
   233 | D:1      | Found Jiuq's Jewellery Shop.
   321 | D:1      | Reached XP level 2. HP: 7/15 MP: 0/8
   630 | D:1      | Reached skill level 4 in Poison Magic
   633 | D:1      | You fall into a shaft and drop 1 floor!
   720 | D:2      | Slain by a worm

Illustrated notes

Levels and vault maps discovered:
D:1:      minmay_arrival_jagged, layout_loops_corners, serial_shops,
          nicolae_shop_real_fake_doors, minmay_box_of_dots
D:2:      layout_basic, serial_shops, shop_coins

Skill      XL: |  1  2 |
---------------+-------+-----
Poison Magic   | 4 |  4.0
Dodging        | |  2.5
Stealth        | |  2.4
Unarmed Combat | |  0.2
Spellcasting   | |  3.1
Transmutations | |  1.2

Action                     || total
---------------------------++-------
  Melee: Unarmed           ||     5
         Dagger            ||    23
  Throw: Dart              ||     2
   Cast: Sting             ||    20
   Stab: Sleeping          ||     1
 Armour: Robe              ||    20
  Dodge: Dodged            ||    25

Table legend: (Time is in decaauts)
 A = Elapsed time spent in this place.
 B = Non-inter-level travel time spent in this place.
 C = Inter-level travel time spent in this place.
 D = Time resting spent in this place.
 E = Time spent auto-exploring this place.
 F = Levels seen in this place.
 G = Mean time per level.
                   A        B        C        D        E       F      G
               +--------+--------+--------+--------+--------+-----+--------+
         Total |    719 |    716 |      3 |     30 |    509 |   2 |  359.5 |
       Dungeon |    719 |    716 |      3 |     30 |    509 |   2 |  359.5 |
               +--------+--------+--------+--------+--------+-----+--------+

Top non-repeatable levels by time:
     D:1: 632 daAuts
     D:2: 86 daAuts
